 Dungeon Crawl Stone Soup version 0.20.0-15-g7f486f2 (webtiles) character file.

340 Darkell the Ducker (level 6, -1/25 HPs)
             Began as a Felid Transmuter on June 13, 2017.
             Was a Follower of Hepliaklqana.
             Slain by Loootie's ghost (11 damage)
             ... on level 4 of the Dungeon.
             The game lasted 00:05:20 (5273 turns).

Darkell the Ducker (Felid Transmuter)               Turns: 5273, Time: 00:05:21

Health: -1/25      AC:  2    Str:  8    XL:     6   Next: 30%
Magic:  1/10       EV: 25    Int: 14    God:    Hepliaklqana [*.....]
Gold:   218        SH:  2    Dex: 22    Spells: 3/9 levels left
                                        Lives:  0   Deaths: 1

rFire    . . .     SeeInvis +     - Unarmed
rCold    . . .     Gourm    .   (shield unavailable)
rNeg     . . .     Faith    .   (armour unavailable)
rPois    x         Spirit   .   (helmet unavailable)
rElec    .         Reflect  +   (cloak unavailable)
rCorr    .         Harm     .   (gloves unavailable)
MR       .....                  (boots unavailable)
Stlth    ++........             m - +2 amulet of reflection
Regen    0.1/turn               (no ring)
MPRegen  0.2/turn               (no ring)

@: spider-form
A: no armour, no weapons or thrown items, stealth, reduced essence, see
invisible, carnivore 3, slow metabolism 1
a: End Transformation, Recall Ancestor, Ancestor Identity, Renounce Religion


You were on level 4 of the Dungeon.
You worshipped Hepliaklqana.
Hepliaklqana was aware of your devotion.
You were not hungry.
You were a venomous arachnid creature.
You visited 2 branches of the dungeon, and saw 7 of its levels.

You collected 218 gold pieces.

Inventory:

Missiles
 a - 69 arrows
Jewellery
 m - a +2 amulet of reflection (around neck)
Scrolls
 d - 3 scrolls of blinking {unknown}
 e - 3 scrolls of random uselessness {unknown}
 f - 2 scrolls of amnesia {unknown}
 g - 3 scrolls of teleportation {unknown}
 i - 2 scrolls of recharging {unknown}
 j - 4 scrolls of identify {unknown}
 k - a scroll of enchant armour {unknown}
 l - 3 scrolls of fog {unknown}
 o - 3 scrolls of remove curse {unknown}
 q - a scroll of immolation {unknown}
Potions
 h - a potion of mutation {unknown}
 p - 2 potions of ambrosia {unknown}
 r - a potion of brilliance {unknown}
Books
 b - a book of Changes

   Spells                             Type                      Level
   a - Beastly Appendage              Transmutation                1
   b - Sticks to Snakes               Transmutation                2
   c - Spider Form                    Transmutation/Poison         3
   d - Ice Form                       Ice/Transmutation            4
   e - Blade Hands                    Transmutation                5
Comestibles
 c - 2 meat rations
 n - 3 royal jellies


   Skills:
 + Level 3.1 Fighting
 + Level 5.4 Dodging
 + Level 4.7 Unarmed Combat
 - Level 2.0 Spellcasting
 + Level 4.3 Transmutations


You had 3 spell levels left.
You knew the following spells:

 Your Spells              Type           Power        Failure   Level  Hunger
a - Beastly Appendage     Tmut           ##....       13%         1    ##.....
b - Sticks to Snakes      Tmut           ##......     17%         2    ###....
c - Spider Form           Tmut/Pois      #.........   50%         3    ####...


Dungeon Overview and Level Annotations

Branches:
Dungeon (6/15)             Temple (1/1) D:5

Altars:
Ashenzari
Cheibriados
Dithmenos
Fedhas
Hepliaklqana
Kikubaaqudgha
Makhleb
Nemelex Xobeh
Qazlal
Ru
Sif Muna
Trog
Uskayaw
Xom
Yredelemnul

Annotations:
D:4 Loootie's ghost, amateur MiBe
D:5 1 runed door


Innate Abilities, Weirdness & Mutations

You cannot wear armour.
You are incapable of wielding weapons or throwing items.
Your paws allow you to move quietly. (Stealth)
((You have sharp claws.))
((You have razor-sharp teeth.))
You have supernaturally acute eyesight. (SInv)
You are carnivorous and can eat meat at any time.
((You cover ground quickly.))
((You are covered in thick fur. (AC +2)))
You have a slow metabolism.
((Your sharp claws are effective at attacking unaware monsters.))
Your life essence is reduced. (-10% HP)


Message History

Vusi hits Loootie's ghost but does no damage.
What are your orders? t - Meow!
Orders for allies: a - Attack new target. r - Retreat! s - Stop attacking. g - Guard the area. f - Follow me.
Anything else - Cancel.
Gang up on whom?
Press: ? - help, Dir - move target cursor, f - Loootie's ghost
Aim: Loootie's ghost Attack!
Loootie's ghost hits your adder!
Your adder dies!
Vusi closely misses Loootie's ghost.
Casting: Sticks to Snakes
Confirm with . or Enter, or press ? or * to list all spells.
You turn into a venomous arachnid creature.
Loootie's ghost hits you!
Vusi barely misses Loootie's ghost.
You hit Loootie's ghost but do no damage.
Loootie's ghost hits you!
You die...

#......†..### .#
# ##....##### #
#..##..# #. ##.#
# #.# #.## #..#
##.# #s####
#.WR.# # ####.##
.# #..# ###..##
######.##.......
#..<..W.....[...
#.....(...!......
.........))......
.................


You could see the friendly Vusi the ancestor and Loootie's ghost.

Vanquished Creatures
  An ice beast (D:5)
  A bullfrog (D:6)
  An orc priest (D:5)
  An orc wizard (D:5)
  A worker ant (D:5)
  2 adders
  2 shadow imps (D:5)
  An ooze (D:5)
  A dart slug (D:1)
  2 leopard geckos
  7 orcs
  4 giant cockroaches
  6 goblins
  8 hobgoblins
  6 kobolds
  A quokka (D:2)
  6 bats
  4 frilled lizards
  7 rats
62 creatures vanquished.

Vanquished Creatures (collateral kills)
  A centaur zombie (D:5)
  A jelly (D:6)
  2 worker ants (D:5)
  An orc (D:5)
5 creatures vanquished.

Grand Total: 67 creatures vanquished

Notes
Turn   | Place    | Note
-------+----------+-------------------------------------------
     0 | D:1      | Darkell the Felid Transmuter began the quest for the Orb.
     0 | D:1      | Reached XP level 1. HP: 9/9 MP: 4/4
    74 | D:1      | Reached skill level 3 in Dodging
   106 | D:1      | Reached XP level 2. HP: 5/12 MP: 4/6
   605 | D:1      | Reached XP level 3. HP: 13/15 MP: 7/7
   609 | D:1      | Learned a level 2 spell: Sticks to Snakes
   613 | D:1      | Learned a level 3 spell: Spider Form
  1841 | D:3      | You fall through a shaft for 3 floors!
  1841 | D:6      | Noticed a bullfrog
  1848 | D:6      | Killed a bullfrog
  1848 | D:6      | Reached skill level 4 in Dodging
  1848 | D:6      | Reached XP level 4. HP: 14/19 MP: 8/8
  2221 | D:5      | Entered Level 5 of the Dungeon
  2228 | D:5      | Found a runed door.
  2243 | D:5      | Found a staircase to the Ecumenical Temple.
  2257 | D:5      | Reached XP level 5. HP: 18/22 MP: 6/9
  2262 | Temple   | Entered the Ecumenical Temple
  2553 | Temple   | Became a worshipper of Hepliaklqana the Forgotten
  2932 | D:5      | Noticed an ice beast
  2971 | D:5      | Slain by a shadow imp
  2972 | D:5      | Reached XP level 4. HP: 0/18 MP: 7/8
  3001 | D:5      | Killed an ice beast
  3001 | D:5      | Reached XP level 5. HP: 5/20 MP: 7/9
  3280 | D:5      | Reached skill level 5 in Dodging
  3865 | D:5      | Gained mutation: You are covered in thick fur. (AC +2) [Felid growth]
  3865 | D:5      | Reached XP level 6. HP: 3/24 MP: 10/10
  4876 | D:3      | Reached * piety under Hepliaklqana
  4903 | D:3      | Found a bloodstained altar of Trog.
  5252 | D:4      | Noticed Loootie's ghost (amateur MiBe)
  5273 | D:4      | Slain by Loootie's ghost

Skill      XL: |  1  2  3  4  5  6 |
---------------+-------------------+-----
Dodging        | 3 4 5 |  5.4
Fighting       | 2 3 |  3.1
Transmutations | 3 4 |  4.3
Unarmed Combat | 4 |  4.7
Spellcasting   | |  2.0

Action                   |  1- 3 |  4- 6 || total
-------------------------+-------+-------++-------
Melee: Unarmed           |   120 |   131 ||   251
       Bite              |     4 |     7 ||    11
       Headbutt          |     1 |     3 ||     4
 Cast: Beastly Appendage |     3 |     2 ||     5
       Spider Form       |       |     5 ||     5
       Sticks to Snakes  |       |     3 ||     3
Invok: Recall Ancestor   |       |     1 ||     1
  Use: Potion            |       |     2 ||     2
 Stab: Sleeping          |     1 |       ||     1
       Distracted        |       |     1 ||     1
  Eat: Chunk             |     6 |     9 ||    15
Armor: Skin              |     7 |    10 ||    17
Dodge: Dodged            |    88 |    91 ||   179
Block: Other             |     1 |     6 ||     7
